 Dungeon Crawl Stone Soup version 0.24.0-123-gd5b16e6ec5 (webtiles) character file.

Game seed: 13053369466234659647, levelgen mode: deterministic

301 DavidChitty2 the Conjurer (level 6, 0/51 HPs)
             Began as a Draconian Conjurer on Jan 21, 2020.
             Was an Initiate of Vehumet.
             Slain by Pikel
             ... wielding a +0 whip of flaming
              (1 damage)
             ... on level 3 of the Dungeon on Jan 22, 2020.
             The game lasted 00:16:43 (5796 turns).

DavidChitty2 the Conjurer (Draconian Conjurer)      Turns: 5796, Time: 00:16:43

Health: 0/51       AC:  6    Str: 10    XL:     6   Next: 14%
Magic:  5/11       EV: 12    Int: 18    God:    Vehumet [......]
Gold:   81         SH:  0    Dex: 11    Spells: 4/11 levels left

rFire    . . .     SeeInvis .   b - +1 whip (elec)
rCold    . . .     Gourm    .   (no shield)
rNeg     . . .     Faith    .   (armour unavailable)
rPois    .         Spirit   .   (helmet restricted)
rElec    .         Reflect  .   (no cloak)
rCorr    .         Harm     .   (no gloves)
MR       .....                  (no boots)
Stlth    ++........             (no amulet)
HPRegen  0.17/turn              (no ring)
MPRegen  0.12/turn              (no ring)

@: no status effects
A: unfitting armour, cold-blooded, AC +6
a: Renounce Religion


You were on level 3 of the Dungeon.
You worshipped Vehumet.
Vehumet was noncommittal.
You were hungry.

You visited 2 branches of the dungeon, and saw 5 of its levels.

You collected 81 gold pieces.

Inventory:

Hand Weapons
 a - a +0 hunting sling
   (You found it on level 1 of the Dungeon)
 b - a +1 whip of electrocution (weapon)
   (You took it off an orc on level 3 of the Dungeon)
Missiles
 c - 86 stones (quivered)
 r - 32 poisoned darts
Armour
 x - a +0 pair of gloves
   (You found it on level 3 of the Dungeon)
Jewellery
 o - a +2 ring of dexterity {unknown}
   (You found it on level 2 of the Dungeon)
 q - an uncursed amulet of regeneration {unknown}
   (You found it on level 4 of the Dungeon)
Scrolls
 d - 3 scrolls of identify {@r1}
 g - a scroll of teleportation {unknown}
 h - 7 scrolls of remove curse {unknown}
 i - 4 scrolls of magic mapping {unknown}
 k - a scroll of fog {unknown}
 l - 2 scrolls of fear {unknown}
 n - a scroll of amnesia {unknown}
 w - 2 scrolls of enchant weapon {unknown}
Potions
 f - a potion of heal wounds {unknown}
 j - 3 potions of curing {@q1}
 m - 3 potions of lignification {!q}
 p - a potion of berserk rage {unknown}
 s - a potion of agility {unknown}
 t - a potion of resistance {unknown}
 u - a potion of degeneration {unknown}
 v - 2 potions of flight {unknown}
 z - a potion of cancellation {unknown}
 A - a potion of might {unknown}
Comestibles
 e - 6 rations {!d}


   Skills:
 + Level 3.0 Fighting
 - Level 1.7 Dodging
 - Level 1.7 Stealth
 + Level 3.4 Spellcasting
 * Level 6.0 Conjurations


You had 4 spell levels left.
You knew the following spells:

 Your Spells              Type           Power        Failure   Level  Hunger
a - Magic Dart            Conj           ###.         1%          1    None
s - Searing Ray           Conj           ###...       1%          2    ##.....
x - Iskenderun's Mystic   Conj           ###.....     13%         4    ####...

Your spell library contained the following spells:

 Spells                   Type           Power        Failure   Level  Hunger
 Dazzling Spray           Conj/Hex       ##....       14%         3    ###....
 Force Lance              Conj/Tloc      ##......     41%         4    ####...
 Fulminant Prism          Conj/Hex       ##........   41%         4    ####...


Dungeon Overview and Level Annotations

Branches:
Dungeon (4/15)             Temple (1/1) D:4

Altars:
Ashenzari
Cheibriados
Elyvilon
Fedhas
Hepliaklqana
Kikubaaqudgha
Makhleb
Okawaru
Qazlal
Ru
Sif Muna
Trog
Uskayaw
Vehumet
The Shining One

Shops:
D:4 (

Annotations:
D:2 exclusions: adder and 4 more exclusions, Sigmund
D:3 Pikel


Innate Abilities, Weirdness & Mutations

Your plain brown scales are hard. (AC +6)
You cannot fit into any form of body armour.
You are cold-blooded and may be slowed by cold attacks.


Message History

* * * LOW HITPOINT WARNING * * *
Pikel waves his whip at you.
Things that are here:
a +0 flail; a +0 ring mail; a +0 flail Pikel barely misses you.
Your magical contamination has completely faded away.
There is a stone staircase leading up here.
All of the chunks of flesh in your inventory have rotted away.
Pikel says, "Slavery isn't that bad."
There is a stone staircase leading up here.
Things that are here:
a +0 flail; a +0 ring mail; a +0 flail Pikel hits you but does no damage.
Pikel waves his whip at you.
Aim: Pikel, wielding a +0 whip of flaming and wearing a +0 robe (lightly wounded)
The searing ray hits Pikel but does no damage. (Press . to maintain the ray.) Pikel hits you but does no damage.
The searing ray hits Pikel!
Pikel hits you with a +0 whip of flaming!
* * * LOW HITPOINT WARNING * * *
Pikel burns you.
* * * LOW HITPOINT WARNING * * *
The searing ray misses Pikel.
The searing ray hits the slave.
Pikel misses you.
The searing ray hits Pikel.
The searing ray hits the slave!
You finish channeling your searing ray.
Pikel hits you with a +0 whip of flaming.
* * * LOW HITPOINT WARNING * * *
Pikel burns you.
* * * LOW HITPOINT WARNING * * *
Pikel waves his whip at you.
Things that are here:
a +0 flail; a +0 ring mail; a +0 flail
There is a stone staircase leading up here.
Pikel cracks his whip.
You closely miss the slave. The slave hits you.
* * * LOW HITPOINT WARNING * * *
Pikel hits you with a +0 whip of flaming.
* * * LOW HITPOINT WARNING * * *
Pikel burns you.
* * * LOW HITPOINT WARNING * * *
As you read the scroll labeled AXOSESS MUCWY, it crumbles to dust.
It is a scroll of identify.
m - 3 potions of lignification The slave hits you.
* * * LOW HITPOINT WARNING * * *
Pikel hits you with a +0 whip of flaming.
* * * LOW HITPOINT WARNING * * *
Pikel burns you.
You die...

...#......#
######...#######.#..
##.##.##### #...# #....
##p##.# #...# #.###
......# #.).# #.#
##.#### ########)..#
#.# # ##.#
##......<.[## #.# #
...# #.......#### #.###
#### #..####p## #.... #
#..###@#.#### ####. #
#..#.K###K..###########
#......#..#.........#
#......K#....######.#
#####.##.##.#.# #.#
#.><..##.##.#.# #.#
#.######......# #.# #.#
####.### #.# #.#
#.....# #.#


You could see Pikel and a slave.

Vanquished Creatures
  3 slaves (D:4)
  A hound (D:4)
  Jessica (D:2)
  A centaur skeleton (D:4)
  Natasha (thrice) (D:4)
  5 adders
  2 oozes
  An adder skeleton (D:4)
  2 worms
  A dart slug (D:4)
  2 leopard geckos
  10 orcs
  7 bats
  5 giant cockroaches
  3 goblins
  8 hobgoblins
  2 jackals (D:3)
  2 quokkas
  4 frilled lizards
  6 kobolds
  A quokka skeleton (D:4)
  6 rats
76 creatures vanquished.

Notes
Turn   | Place    | Note
-------+----------+-------------------------------------------
     0 | D:1      | DavidChitty2 the Draconian Conjurer began the quest for the
                  | Orb.
     0 | D:1      | Reached XP level 1. HP: 14/14 MP: 3/3
   717 | D:2      | Reached skill level 1 in Fighting
   717 | D:2      | Reached XP level 2. HP: 21/23 MP: 0/5
   780 | D:1      | Learned a level 2 spell: Searing Ray
  1048 | D:2      | Noticed Sigmund
  1100 | D:2      | Noticed Jessica
  1194 | D:2      | Reached XP level 3. HP: 25/28 MP: 0/6
  1286 | D:2      | Killed Jessica
  1574 | D:2      | Reached XP level 4. HP: 36/36 MP: 0/7
  1644 | D:2      | Learned a level 4 spell: Iskenderun's Mystic Blast
  2267 | D:2      | Reached skill level 5 in Conjurations
  3537 | D:4      | Noticed a slave
  3537 | D:4      | Noticed a slave
  3538 | D:4      | Noticed Pikel
  3540 | D:4      | Noticed a slave
  3584 | D:4      | Reached XP level 5. HP: 41/41 MP: 6/9
  3645 | D:4      | Noticed Natasha
  3649 | D:4      | Killed Natasha
  3655 | D:4      | Noticed Natasha
  3665 | D:4      | Killed Natasha
  3834 | D:4      | Noticed Natasha
  3841 | D:4      | Killed Natasha
  4046 | D:4      | Found Qyugh's Antique Weapon Shoppe.
  4074 | D:4      | Noticed a slave
  4637 | D:4      | Killed a slave
  4729 | D:4      | Killed a slave
  5013 | D:4      | Reached XP level 6. HP: 51/51 MP: 3/11
  5160 | D:4      | Found a staircase to the Ecumenical Temple.
  5171 | Temple   | Entered the Ecumenical Temple
  5274 | Temple   | Became a worshipper of Vehumet
  5362 | D:4      | Killed a slave
  5529 | D:4      | Reached skill level 6 in Conjurations
  5796 | D:3      | HP: 1/51 [Pikel/+0 whip of flaming (2)]
  5796 | D:3      | Slain by Pikel

Levels and vault maps discovered:
D:1:      matt_arrival_grand_opening, layout_loops_ring
D:2:      layout_basic, uniq_jessica, uniq_sigmund
D:3:      layout_loops_cross, first_ration
D:4:      layout_cave_pools, minmay_temple_entry_enclosed_plants, serial_shops,
          nicolae_shop_crystal, gup_sewer_entry_bubbles, uniq_pikel,
          uniq_natasha
Temple:   regret_index_temple_waves

Skill      XL: |  1  2  3  4  5  6 |
---------------+-------------------+-----
Fighting       | 1 2 3 |  3.0
Conjurations   | 5 6 |  6.0
Spellcasting   | 3 |  3.4
Dodging        | |  1.7
Stealth        | |  1.7

Action                   |  1- 3 |  4- 6 || total
-------------------------+-------+-------++-------
Melee: Short sword       |     5 |       ||     5
       Whip              |       |     6 ||     6
 Fire: Hunting sling     |    15 |    10 ||    25
 Cast: Magic Dart        |    54 |   161 ||   215
       Searing Ray       |       |    11 ||    11
  Use: Scroll            |       |     1 ||     1
  Eat: Chunk             |     3 |     9 ||    12
       Ration            |       |     1 ||     1
Armor: Skin              |     6 |    26 ||    32
Dodge: Dodged            |    22 |    66 ||    88
